 Dungeon Crawl Stone Soup version 0.19.5 (webtiles) character file.

173566 Ponchio the Eclecticist (level 17, -10/80 HPs)
             Began as a Deep Elf Conjurer on Apr 10, 2017.
             Was a High Priest of Vehumet.
             Hit by a poisoned javelin thrown by a merfolk javelineer (26 damage)
             ... on level 4 of the Shoals on Apr 13, 2017.
             The game lasted 05:13:02 (45448 turns).

Ponchio the Eclecticist (Deep Elf Conjurer)        Turns: 45448, Time: 05:13:03

Health: -10/80     AC:  9    Str:  1    XL:     17   Next: 43%
Magic:  42/42      EV: 17    Int: 39    God:    Vehumet [*****.]
Gold:   712        SH:  4    Dex: 19    Spells: 9 memorised, 4 levels left

rFire  . . .     SeeInvis .     y - +2 hand axe of Xakisaol {flame, rF- rN+ Str-5 Int+8 Dex+4}
rCold  + . .     Gourm    .     O - +1 robe {rF+}
rNeg   + . .     Faith    .     (no shield)
rPois  +         Spirit   .     (helmet restricted)
rElec  +         Reflect  +     H - +0 cloak
rCorr  .         Harm     .     a - +2 pair of gloves
MR     +....                    k - +1 pair of boots of Autumn {rElec rC+ Int+4}
Stlth  ++........               n - +4 amulet of reflection
                                F - +4 ring of evasion
                                s - ring of poison resistance

@: no status effects
A: horns 1
a: Renounce Religion


You were on level 4 of the Shoals.
You worshipped Vehumet.
Vehumet was extremely pleased with you.
You were hungry.

You visited 6 branches of the dungeon, and saw 29 of its levels.

You collected 2990 gold pieces.
You spent 2278 gold pieces at shops.

Inventory:

Hand Weapons
 y - the +2 hand axe of Xakisaol (weapon) {flame, rF- rN+ Str-5 Int+8 Dex+4}
   (You found it on level 6 of the Dungeon)

   It has been specially enchanted to burn those struck by it, causing extra
   injury to most foes and up to half again as much damage against particularly
   susceptible opponents.
   Big, fiery blades are also staple armaments of hydra-hunters.
   It affects your strength (-5).
   It affects your intelligence (+8).
   It affects your dexterity (+4).
   It makes you vulnerable to fire.
   It protects you from negative energy.
Armour
 a - a +2 pair of gloves (worn)
 k - the +1 pair of boots of Autumn (worn) {rElec rC+ Int+4}
   (You bought it in a shop on level 11 of the Dungeon)

   It affects your intelligence (+4).
   It protects you from cold.
   It insulates you from electricity.
 H - a +0 cloak (worn)
 O - a +1 robe of fire resistance (worn)
Jewellery
 n - a +4 amulet of reflection (around neck)
 s - a ring of poison resistance (left hand)
 C - an uncursed ring of positive energy
 F - a +4 ring of evasion (right hand)
 V - an uncursed ring of protection from fire
Wands
 f - a wand of teleportation (4/9)
 g - a wand of disintegration (9/24)
 i - a wand of teleportation (0/9)
 v - a wand of acid (2/15)
 I - a wand of disintegration (6/24)
 S - a wand of heal wounds (6/9)
Scrolls
 e - 4 scrolls of enchant armour
 h - 6 scrolls of enchant weapon
 j - 7 scrolls of remove curse
 p - 3 scrolls of recharging
 r - 2 scrolls of summoning
 u - 4 scrolls of fog
 G - 2 scrolls of magic mapping
 J - a scroll of holy word
 N - a scroll of identify
 P - a scroll of amnesia
 R - a scroll of silence
Potions
 b - a potion of might
 d - 5 potions of brilliance
 l - 5 potions of ambrosia
 t - 4 potions of agility
 w - 11 potions of curing
 z - 4 potions of resistance
 A - a potion of haste
 B - 2 potions of cure mutation
Books
 o - a book of Transfigurations

   Spells                             Type                      Level
   a - Irradiate                      Conjuration/Transmutation    5
   b - Statue Form                    Transmutation/Earth          6
   c - Hydra Form                     Transmutation                6
   d - Dragon Form                    Transmutation                7
Comestibles
 c - 14 bread rations
 m - 10 meat rations
 q - 8 fruits
 E - 3 royal jellies


   Skills:
 - Level 2.4 Dodging
 - Level 2.6 Stealth
 - Level 19.2 Spellcasting
 - Level 19.0 Conjurations
 - Level 11.1 Charms
 - Level 18.9 Fire Magic
 + Level 9.0 Earth Magic


You had 4 spell levels left.
You knew the following spells:

 Your Spells              Type           Power        Failure   Level  Hunger
a - Magic Dart            Conj           ####         0%          1    None
b - Dazzling Spray        Conj/Hex       ######       1%          3    None
c - Iskenderun's Battles  Conj/Chrm      ########     1%          5    None
d - Bolt of Cold          Conj/Ice       #######...   1%          6    None
e - Orb of Destruction    Conj           ########..   1%          7    None
f - Fireball              Conj/Fire      ########..   0%          5    None
g - Iron Shot             Conj/Erth      #######...   1%          6    None
h - Fire Storm            Conj/Fire      ########..   7%          9    #####..
i - Lehudib's Crystal Sp  Conj/Erth      #######...   4%          8    ###....


Dungeon Overview and Level Annotations

Branches:
Dungeon (15/15)            Temple (1/1) D:4            Lair (6/6) D:10
 Shoals (4/4) Lair:3       Spider (0/4) Lair:3        Slime (0/5) Lair:5
    Orc (2/2) D:12            Elf (0/3) Orc:2        Vaults (0/5) D:13
 Depths (1/5) D:15

Altars:
Ashenzari
Cheibriados
Dithmenos
Elyvilon
Fedhas
Gozag
Hepliaklqana
Kikubaaqudgha
Makhleb
Nemelex Xobeh
Okawaru
Qazlal
Ru
Sif Muna
Trog
Uskayaw
Vehumet
Xom
Yredelemnul
Zin
The Shining One

Shops:
D:8 :   D:11 [   D:13 *   Orc:2 *!%=(%   Shoals:1 ?

Portals:
Ziggurat: Depths:1

Annotations:
D:15 exclusion: Roxanne, Roxanne
Shoals:4 Ilsuiw


Innate Abilities, Weirdness & Mutations

You have a pair of small horns on your head.


Message History

You start eating one of the 9 fruits.
You are feeling hungry.
Mmmm...
Yummy apricot.
You climb downwards.
Level annotation: Ilsuiw The merfolk javelineer throws a silver javelin.
The silver javelin hits you!!! The silver sears you!
The merfolk javelineer throws a poisoned javelin.
The poisoned javelin barely misses you.
The merfolk javelineer throws a silver javelin.
The silver javelin hits you!!
* * * LOW HITPOINT WARNING * * *
The silver sears you!
* * * LOW HITPOINT WARNING * * *
There is a stone staircase leading up, spattered with blood here.
Things that are here:
6 silver javelins; 5 poisoned javelins; an arrow The merfolk javelineer throws a poisoned javelin.
The poisoned javelin hits you!!
You die...

≈≈≈≈≈≈≈≈≈≈≈≈≈≈≈
≈..≈≈≈≈≈≈≈≈≈≈≈≈
≈...≈≈≈≈≈≈≈≈≈≈≈
....≈≈≈≈≈≈≈≈≈≈≈
.....≈≈≈≈≈≈≈≈≈≈
.m....≈≈)≈≈≈≈≈≈
.......)(≈≈≈≈≈≈
.....[(@.?≈≈≈≈≈
..........≈≈≈≈≈
...)......≈≈≈≈≈
..........≈≈≈≈≈
..........≈≈≈≈≈
.....##)##≈≈≈≈≈
)m..# .[( #≈≈≈≈
.≈≈. ... ≈≈≈≈


You could see 2 merfolk javelineers.

Vanquished Creatures
  Nikola (Shoals:1)
  A fire giant (Depths:1)
  A stone giant (Depths:1)
  A very ugly thing (Depths:1)
  6 merfolk impalers
  2 merfolk javelineers (Shoals:4)
  A great orb of eyes (Depths:1)
  A rakshasa (Depths:1)
  2 ice dragons (Depths:1)
  2 catoblepae
  The ghost of raetorn the Cleaver, a journeyman FoFi of Uskayaw (D:13)
  3 merfolk avatars
  4 centaur warriors
  6 hydras
  2 satyrs
  4 merfolk aquamancers
  An alligator snapping turtle (Shoals:3)
  A deep troll earth mage (Depths:1)
  A death yak (Lair:5)
  A deep troll shaman (Depths:1)
  Urug (D:13)
  A tengu warrior (D:15)
  6 orc high priests (Orc:2)
  4 hell knights (Depths:1)
  Nergalle (Lair:2)
  An iron troll (Depths:1)
  5 skeletal warriors (D:15)
  6 wizards
  An unseen horror (D:14)
  2 deep trolls (Depths:1)
  8 sea snakes
  A glowing orange brain (shapeshifter) (D:15)
  9 orc knights
  2 glowing orange brains
  19 harpies
  5 necromancers
  An orc sorcerer (Orc:2)
  7 hill giants
  A wolf spider (D:15)
  12 ugly things
  17 fauns
  14 manticores
  2 cyclopes (shapeshifter) (D:15)
  2 oklob plants
  4 cyclopes
  9 elephants
  2 water nymphs
  7 black mambas
  15 sirens
  3 centaur skeletons
  22 spiny frogs
  A torpor snail (Lair:5)
  A rime drake (shapeshifter) (D:15)
  5 rime drakes
  14 komodo dragons
  2 kobold demonologists (D:14)
  3 yaktaurs (Depths:1)
  A queen bee (Lair:5)
  3 meliai (Lair:5)
  10 polar bears
  3 tengu conjurers
  2 jumping spiders (Lair:3)
  17 merfolk
  6 trolls
  7 wind drakes
  4 hornets
  4 blink frogs
  Prince Ribbit (D:6)
  13 dream sheep
  9 snapping turtles
  12 slime creatures
  3 two-headed ogres
  16 hippogriffs
  A meliai zombie (D:15)
  Sigmund (D:4)
  3 redbacks (Lair:3)
  2 vampires
  11 water elementals
  6 wyverns
  2 wraiths
  A shadow (D:14)
  A spriggan (D:13)
  50 yaks
  4 basilisks
  6 hogs (D:13)
  6 vampire mosquitoes
  A mottled dragon (D:12)
  5 wargs
  A soldier ant (D:10)
  Duvessa (D:4)
  26 water moccasins
  5 porcupines
  4 black bears
  28 orc warriors
  2 ice beasts
  An ice beast (shapeshifter) (D:15)
  3 sky beasts
  An eye of draining (D:13)
  4 boggarts (D:13)
  A sky beast (shapeshifter) (Depths:1)
  2 phantoms
  7 ogres
  2 necrophages
  6 wolves (Lair:1)
  16 centaurs
  18 crocodiles
  Blork the orc (D:5)
  23 bullfrogs
  4 big kobolds
  A gnoll sergeant (D:7)
  Dowan (D:4)
  A water moccasin skeleton (D:11)
  2 wyvern skeletons
  28 killer bees (Lair:5)
  3 scorpions
  5 electric eels
  12 wights
  7 howler monkeys
  A bullfrog zombie (D:11)
  6 centaur zombies
  11 crimson imps
  5 hounds
  A bullfrog skeleton (D:11)
  39 orc priests
  5 jellies
  5 iguanas
  Natasha (thrice) (D:2 D:3)
  21 orc wizards
  A hell rat (Lair:5)
  6 worker ants
  A hound zombie (D:5)
  2 hound skeletons
  Robin (D:3)
  4 gnolls (D:7)
  2 river rats (Lair:5)
  14 adders
  7 shadow imps
  An adder skeleton (D:4)
  An adder zombie (D:5)
  A worm (D:3)
  5 dart slugs
  7 leopard geckos
  111 orcs
  11 bats
  6 giant cockroaches
  22 goblins
  7 hobgoblins
  9 jackals
  11 kobolds
  4 quokkas
  2 ball pythons (D:3)
  6 frilled lizards
  A quokka skeleton (D:7)
  A quokka zombie (D:6)
  3 rats
  7 plants
1036 creatures vanquished.

Vanquished Creatures (collateral kills)
  An elephant (Lair:3)
1 creature vanquished.

Vanquished Creatures (others)
  Kirke (D:13)
  A centaur (Shoals:1)
  4 fire vortices (Depths:1)
  11 fungi
  71 plants
88 creatures vanquished.

Grand Total: 1125 creatures vanquished

Notes
Turn   | Place    | Note
-------+----------+-------------------------------------------
     0 | D:1      | Ponchio the Deep Elf Conjurer began the quest for the Orb.
     0 | D:1      | Reached XP level 1. HP: 10/10 MP: 6/6
    94 | D:1      | Reached XP level 2. HP: 15/15 MP: 2/8
   996 | D:1      | Noticed a crimson imp
  1082 | D:2      | Reached XP level 3. HP: 19/19 MP: 7/11
  1087 | D:2      | Learned a level 3 spell: Dazzling Spray
  1100 | D:2      | Noticed Natasha
  1110 | D:2      | Killed Natasha
  1110 | D:2      | Reached skill level 5 in Spellcasting
  1459 | D:2      | Reached XP level 4. HP: 24/24 MP: 10/13
  1861 | D:2      | Noticed Natasha
  1876 | D:2      | Killed Natasha
  4368 | D:3      | Reached XP level 5. HP: 28/28 MP: 13/16
  4381 | D:3      | Learned a level 5 spell: Iskenderun's Battlesphere
  4452 | D:3      | Reached skill level 1 in Charms
  4553 | D:3      | Noticed Robin
  4763 | D:3      | Killed Robin
  5145 | D:3      | Noticed Natasha
  5155 | D:3      | Killed Natasha
  5525 | D:3      | Found a shadowy altar of Dithmenos.
  5531 | D:3      | Reached skill level 5 in Charms
  5531 | D:3      | Reached XP level 6. HP: 32/32 MP: 9/17
  6080 | D:3      | Found a shadowy altar of Dithmenos.
  6146 | D:3      | Found a shadowy altar of Dithmenos.
  6678 | D:4      | Found a staircase to the Ecumenical Temple.
  6687 | Temple   | Entered the Ecumenical Temple
  6697 | Temple   | Became a worshipper of Vehumet
  6892 | D:4      | Noticed Duvessa
  6892 | D:4      | Noticed Dowan
  6901 | D:4      | Killed Duvessa
  6902 | D:4      | Killed Dowan
  6902 | D:4      | Reached XP level 7. HP: 27/36 MP: 1/19
  7458 | D:4      | Noticed Sigmund
  7469 | D:5      | Entered Level 5 of the Dungeon
  7469 | D:5      | Noticed Blork the orc
  7474 | D:5      | Killed Blork the orc
  7710 | D:4      | Killed Sigmund
  7710 | D:4      | Reached skill level 10 in Charms
  7961 | D:4      | Found a staircase to the Ecumenical Temple.
  8430 | D:5      | Reached skill level 5 in Conjurations
  8517 | D:5      | Reached XP level 8. HP: 41/41 MP: 16/20
  8765 | D:5      | Reached * piety under Vehumet
  8765 | D:5      | Offered knowledge of Sting by Vehumet.
  8886 | D:5      | Found an opulent altar of Gozag.
  9090 | D:5      | Found an opulent altar of Gozag.
  9524 | D:6      | Found an opulent altar of Gozag.
  9899 | D:6      | Found a sacrificial altar of Ru.
 10004 | D:6      | Got a twisted hand axe
 10005 | D:6      | Lost strength.
 10005 | D:6      | Identified the cursed +2 hand axe of Xakisaol {flame, rF- rN+ Str-5 Int+8 Dex+4} (You found it on level 6 of the Dungeon)
 10110 | D:6      | Noticed Prince Ribbit
 10113 | D:6      | Killed Prince Ribbit
 10113 | D:6      | Reached XP level 9. HP: 45/45 MP: 18/23
 10221 | D:6      | Found a glowing silver altar of Zin.
 10341 | D:6      | Found a sacrificial altar of Ru.
 10374 | D:6      | Found an opulent altar of Gozag.
 10547 | D:6      | Found a glowing silver altar of Zin.
 10841 | D:7      | Reached skill level 10 in Conjurations
 11087 | D:7      | Reached ** piety under Vehumet
 11087 | D:7      | Offered knowledge of Throw Flame by Vehumet.
 11550 | D:8      | Found a stormy altar of Qazlal.
 11619 | D:8      | Reached skill level 10 in Spellcasting
 11700 | D:8      | Identified a scroll of acquirement
 11700 | D:8      | Identified the Tome of Limited Liability (You acquired it on level 8 of the Dungeon)
 11709 | D:8      | Learned a level 6 spell: Bolt of Cold
 11717 | D:8      | Learned a level 7 spell: Orb of Destruction
 11799 | D:8      | Found Nobiug's Book Emporium.
 12177 | D:8      | Found a stormy altar of Qazlal.
 12279 | D:8      | Reached XP level 10. HP: 50/50 MP: 19/26
 12540 | D:8      | Found Nobiug's Book Emporium.
 12880 | D:9      | Offered knowledge of Mephitic Cloud by Vehumet.
 13001 | D:9      | Reached *** piety under Vehumet
 13365 | D:9      | Offered knowledge of Throw Icicle by Vehumet.
 14009 | D:10     | Entered Level 10 of the Dungeon
 14226 | D:10     | Found a staircase to the Lair.
 14567 | Lair:1   | Entered Level 1 of the Lair of Beasts
 14624 | Lair:1   | Noticed a spiny frog
 14631 | Lair:1   | Killed a spiny frog
 14815 | Lair:1   | Noticed a six-headed hydra
 14819 | Lair:1   | Killed a six-headed hydra
 14819 | Lair:1   | Reached XP level 11. HP: 54/54 MP: 13/30
 15704 | Lair:1   | Reached **** piety under Vehumet
 16294 | D:8      | Bought the Disquisition on Scorching Moulding for 503 gold pieces
 16300 | D:8      | Learned a level 5 spell: Fireball
 16577 | Lair:2   | Offered knowledge of Bolt of Draining by Vehumet.
 16759 | Lair:2   | Reached skill level 5 in Fire Magic
 16985 | Lair:2   | Noticed Nergalle
 16990 | Lair:2   | Killed Nergalle
 17785 | Lair:3   | Reached XP level 12. HP: 59/59 MP: 19/32
 17995 | Lair:3   | Reached skill level 10 in Fire Magic
 18000 | Lair:3   | Reached ***** piety under Vehumet
 18000 | Lair:3   | Offered knowledge of Lightning Bolt by Vehumet.
 18011 | Lair:3   | Noticed a six-headed hydra
 18016 | Lair:3   | Killed a six-headed hydra
 18213 | Lair:3   | Found a hole to the Spider Nest.
 18831 | Lair:3   | Found a staircase to the Shoals.
 20797 | Lair:5   | Reached XP level 13. HP: 63/63 MP: 30/33
 20840 | Lair:5   | Found a staircase to the Slime Pits.
 22508 | Lair:5   | Offered knowledge of Airstrike by Vehumet.
 23257 | Lair:5   | Reached skill level 15 in Fire Magic
 23719 | Lair:6   | Entered Level 6 of the Lair of Beasts
 24398 | Lair:6   | Gained mutation: You have a pair of small horns on your head. [potion of beneficial mutation]
 24994 | Lair:6   | Reached XP level 14. HP: 68/68 MP: 18/34
 25217 | Lair:6   | Reached skill level 15 in Conjurations
 25558 | Lair:6   | Offered knowledge of Venom Bolt by Vehumet.
 25558 | Lair:6   | Reached skill level 15 in Spellcasting
 26214 | Lair:6   | Got a scintillating diamond amulet
 26240 | Lair:6   | Identified the amulet of Laptorph {rC+ Regen+ Stlth+} (You found it on level 6 of the Lair of Beasts)
 26983 | D:11     | Found Zeerinevia's Antique Armour Boutique.
 26998 | D:11     | Bought a pair of shimmering boots for 266 gold pieces
 27003 | D:11     | Identified the +1 pair of boots of Autumn {rElec rC+ Int+4} (You bought it in a shop on level 11 of the Dungeon)
 27460 | D:11     | Offered knowledge of Conjure Ball Lightning by Vehumet.
 27719 | D:12     | Found a staircase to the Orcish Mines.
 28569 | Orc:1    | Entered Level 1 of the Orcish Mines
 29439 | Orc:2    | Entered Level 2 of the Orcish Mines
 29444 | Orc:2    | Offered knowledge of Freezing Cloud by Vehumet.
 29575 | Orc:2    | Found Doiceosk's Food Emporium.
 29575 | Orc:2    | Found Kocraim's Weapon Shop.
 29933 | Orc:2    | Found a staircase to the Elven Halls.
 30394 | Orc:2    | Reached ****** piety under Vehumet
 30543 | Orc:2    | Offered knowledge of Bolt of Fire by Vehumet.
 31249 | Orc:2    | Reached XP level 15. HP: 72/72 MP: 20/36
 31457 | Orc:2    | Found Otteecsi's Jewellery Boutique.
 31457 | Orc:2    | Found Bociav's General Store.
 31458 | Orc:2    | Found Cawustur's Food Shop.
 31458 | Orc:2    | Found Gefeext's Distillery.
 31475 | Orc:2    | Bought a scroll of blinking for 112 gold pieces
 31477 | Orc:2    | Bought a potion of haste for 150 gold pieces
 31477 | Orc:2    | Bought a potion of resistance for 150 gold pieces
 31481 | Orc:2    | Bought an uncursed ring of poison resistance for 320 gold pieces
 31859 | D:8      | Bought a book of Power for 585 gold pieces
 31866 | D:8      | Learned a level 6 spell: Iron Shot
 32388 | D:13     | Found Dagriele's Elemental Accessories.
 32420 | D:13     | Noticed Kirke
 32425 | D:13     | Noticed a sphinx
 32659 | D:13     | Killed Kirke
 32999 | D:13     | Noticed raetorn's ghost (journeyman FoFi)
 33007 | D:13     | Killed raetorn's ghost
 33417 | D:13     | Got a transparent dagger
 33454 | D:13     | Got a crude bone ring
 33459 | D:13     | Identified a ring "Beym Eta" {Ice MP+9 Str+4 Dex-3} (You found it on level 13 of the Dungeon)
 33758 | D:13     | Found a gate to the Vaults.
 33793 | D:13     | Offered knowledge of Poison Arrow by Vehumet.
 34169 | D:13     | Noticed Urug
 34178 | D:13     | Killed Urug
 35687 | D:14     | Found a hazy altar of Hepliaklqana.
 35858 | D:15     | Entered Level 15 of the Dungeon
 36137 | D:15     | Noticed Roxanne
 37595 | D:15     | Offered knowledge of Lehudib's Crystal Spear by Vehumet.
 37595 | D:15     | Offered knowledge of Fire Storm by Vehumet.
 37595 | D:15     | Offered knowledge of Shatter by Vehumet.
 37606 | D:15     | Learned a level 9 spell: Fire Storm
 37730 | D:15     | Found a staircase to the Depths.
 38017 | Shoals:1 | Entered Level 1 of the Shoals
 38249 | Shoals:1 | Noticed Nikola
 38256 | Shoals:1 | Killed Nikola
 38256 | Shoals:1 | Reached XP level 16. HP: 48/76 MP: 20/39
 38728 | Shoals:1 | Found Qeitymis's Magic Scroll Shop.
 38846 | Shoals:1 | Bought a scroll of remove curse for 48 gold pieces
 38846 | Shoals:1 | Bought a scroll of remove curse for 48 gold pieces
 38846 | Shoals:1 | Bought 2 scrolls of remove curse for 96 gold pieces
 39874 | Shoals:1 | Learned a level 8 spell: Lehudib's Crystal Spear
 41664 | Shoals:4 | Entered Level 4 of the Shoals
 41667 | Shoals:4 | Noticed Ilsuiw
 42469 | Depths:1 | Entered Level 1 of the Depths
 42942 | Depths:1 | Reached skill level 1 in Earth Magic
 42942 | Depths:1 | Reached XP level 17. HP: 80/80 MP: 30/42
 43415 | Depths:1 | Found a gateway to a ziggurat.
 43677 | Depths:1 | Reached skill level 5 in Earth Magic
 45448 | Shoals:4 | Hit by a poisoned javelin thrown by a merfolk javelineer

Skill      XL: |  1  2  3  4  5  6  7  8  9 10 11 12 13 14 15 16 17 |
---------------+----------------------------------------------------+-----
Spellcasting   | 4 5 6 8 10 13 14 15 17 19 | 19.2
Charms         | 5 7 10 11 | 11.1
Conjurations   | 5 9 11 12 13 14 16 17 19 | 19.0
Fire Magic     | 9 14 15 17 18 | 18.9
Earth Magic    | 1 9 |  9.0
Dodging        | |  2.4
Stealth        | |  2.6

Action                   |  1- 3 |  4- 6 |  7- 9 | 10-12 | 13-15 | 16-18 || total
-------------------------+-------+-------+-------+-------+-------+-------++-------
Melee: Unarmed           |     3 |       |       |       |     4 |       ||     7
       Dagger            |     1 |     8 |       |       |       |       ||     9
       Short sword       |       |       |     4 |       |       |       ||     4
       Hand axe          |       |       |     4 |     1 |     6 |     2 ||    13
       Headbutt          |       |       |       |       |     3 |       ||     3
 Cast: Magic Dart        |    56 |   159 |   200 |   239 |   437 |    75 ||  1166
       Dazzling Spray    |       |     8 |     4 |    16 |     5 |     2 ||    35
       Iskenderun's Batt |       |     2 |    36 |    60 |   149 |    48 ||   295
       Orb of Destructio |       |       |       |     9 |    15 |       ||    24
       Fireball          |       |       |       |    49 |   180 |   101 ||   330
       Bolt of Cold      |       |       |       |     1 |    63 |    59 ||   123
       Iron Shot         |       |       |       |       |    69 |    33 ||   102
       Fire Storm        |       |       |       |       |       |     3 ||     3
       Lehudib's Crystal |       |       |       |       |       |     7 ||     7
Evoke: Wand              |       |       |       |     5 |     2 |     1 ||     8
       Phantom mirror    |       |       |       |     1 |       |       ||     1
  Use: Scroll            |       |     8 |    14 |     5 |    16 |     4 ||    47
       Potion            |       |       |       |       |     5 |     4 ||     9
 Stab: Sleeping          |       |       |     1 |       |       |       ||     1
  Eat: Chunk             |     1 |    15 |    21 |    27 |    47 |    17 ||   128
       Pizza             |       |     1 |       |     1 |       |       ||     2
       Royal jelly       |       |       |     1 |       |     1 |     1 ||     3
       Fruit             |       |       |     1 |     1 |     9 |     4 ||    15
       Beef jerky        |       |       |       |       |     1 |       ||     1
Armor: Robe              |     3 |     4 |     1 |     5 |    13 |    12 ||    38
Dodge: Dodged            |     5 |    18 |    27 |    27 |    51 |    53 ||   181
Block: Other             |       |       |     5 |     7 |     1 |    13 ||    26
       Reflection        |       |       |       |       |       |     5 ||     5
